 Dungeon Crawl Stone Soup version 0.19.1 (webtiles) character file.

240 Peloso the Covered (level 5, -1/50 HPs)
             Began as a Deep Dwarf Fighter on Dec 10, 2016.
             Killed by divine providence
             ... invoked by an orc priest
              (7 damage)
             ... on level 3 of the Dungeon.
             The game lasted 00:06:47 (1521 turns).

Peloso the Covered (Deep Dwarf Fighter)             Turns: 1521, Time: 00:06:47

Health: -1/50      AC:  9    Str: 21    XL:     5   Next: 80%
Magic:  5/5        EV:  6    Int:  8    God:
Gold:   62         SH:  9    Dex: 12    Spells: 0 memorised, 4 levels left

rFire  . . .     SeeInvis .     a - +0 long sword
rCold  . . .     Gourm    .     l - +0 chain mail
rNeg   . . .     Faith    .     c - +0 shield
rPois  .         Spirit   .     (no helmet)
rElec  .         Reflect  .     (no cloak)
rCorr  .         Harm     .     (no gloves)
MR     .....                    (no boots)
Stlth  ..........               (no amulet)
                                (no ring)
                                (no ring)

@: non-regenerating
A: damage resistance, recharge devices, sense surroundings 1, slow regeneration
3
a: Device Recharging


You were on level 3 of the Dungeon.
You were hungry.

You visited 1 branch of the dungeon, and saw 3 of its levels.

You collected 62 gold pieces.

Inventory:

Hand Weapons
 a - a +0 long sword (weapon)
Armour
 b - a +0 scale mail
 c - a +0 shield (worn)
 l - a +0 chain mail (worn)
Wands
 e - a wand of heal wounds (4/9)
Scrolls
 g - a scroll of remove curse
 i - a scroll of teleportation {unknown}
 n - a scroll of recharging {unknown}
Potions
 d - 3 potions of might
 k - 2 potions of berserk rage {unknown}
 m - 3 potions of curing {unknown}
 o - 2 potions of degeneration {unknown}
Comestibles
 f - 2 bread rations
 h - 5 chunks of flesh
 j - 2 royal jellies


   Skills:
 + Level 3.8 Fighting
 + Level 3.6 Long Blades
 + Level 4.4 Armour
 + Level 1.4 Dodging
 + Level 0.3 Stealth
 + Level 4.0 Shields


You had 4 spell levels left.
You didn't know any spells.

Dungeon Overview and Level Annotations

Branches:
Dungeon (3/15)

Altars:
Ashenzari
Gozag
Makhleb
Uskayaw

Annotations:
D:2 1 runed door


Innate Abilities, Weirdness & Mutations

You are resistant to damage.
You can recharge devices by infusing magical energy.
You passively map a small area around you.
You do not regenerate.


Message History

You barely miss the orc priest.
The orc priest is moderately wounded.
The orc priest barely misses you.
The orc priest hits you but does no damage.
Your chain mail prevents you from hitting the orc priest.
The orc priest is moderately wounded.
The orc priest hits you but does no damage.
You completely miss the orc priest.
The orc priest is moderately wounded.
You block the orc priest's attack.
A hobgoblin comes into view.
The hobgoblin shouts!
You hit the orc priest.
The orc priest is heavily wounded.
The orc priest hits you but does no damage.
You hit the orc priest.
The orc priest is severely wounded.
The orc priest calls down the wrath of Beogh upon you.
Beogh smites you!
You die...

* .# .# * , **
#.##g#. ,
.......* *
....... .......
, #, #..#...##*
#.#####o.......
,
#..(..@.>...)..
#.##...........
, *
#...._.......#*
#............. ,
,
#.........###.*
#._..8.._.## ,
#.(...(....#*
##.......<#....#
,
#..._....##....
*


You could see an orc priest and a hobgoblin.

Vanquished Creatures
  Ijyb (D:2)
  Natasha (thrice) (D:2)
  An orc wizard (D:2)
  5 gnolls
  2 adders
  2 dart slugs (D:1)
  4 leopard geckos
  3 orcs (D:2)
  2 giant cockroaches
  4 goblins
  6 hobgoblins
  6 kobolds
  A quokka (D:2)
  A ball python (D:1)
  3 bats
  A frilled lizard (D:1)
  3 rats (D:1)
48 creatures vanquished.

Notes
Turn   | Place    | Note
-------+----------+-------------------------------------------
     0 | D:1      | Peloso the Deep Dwarf Fighter began the quest for the Orb.
     0 | D:1      | Reached XP level 1. HP: 20/20 MP: 1/1
   151 | D:1      | Reached XP level 2. HP: 19/28 MP: 2/2
   256 | D:1      | Found a shattered altar of Ashenzari.
   524 | D:1      | Reached XP level 3. HP: 22/34 MP: 3/3
   727 | D:2      | Noticed Natasha
   743 | D:2      | Killed Natasha
   776 | D:2      | Noticed Natasha
   785 | D:2      | Reached XP level 4. HP: 15/42 MP: 4/4
   789 | D:2      | Killed Natasha
   794 | D:2      | Noticed Natasha
   800 | D:2      | Killed Natasha
   899 | D:1      | Reached XP level 5. HP: 8/49 MP: 5/5
   956 | D:1      | Reached skill level 1 in Dodging
  1167 | D:2      | Found a runed door.
  1417 | D:3      | Found an opulent altar of Gozag.
  1417 | D:3      | Found a hide-covered altar of Uskayaw.
  1417 | D:3      | Found a shattered altar of Ashenzari.
  1417 | D:3      | Found a burning altar of Makhleb.
  1427 | D:3      | Noticed Ijyb
  1501 | D:2      | Killed Ijyb
  1521 | D:3      | Killed from afar by an orc priest

Skill      XL: |  1  2  3  4  5 |
---------------+----------------+-----
Fighting       | 3 |  3.8
Armour         | 4 |  4.4
Long Blades    | 3 |  3.6
Dodging        | 1 |  1.4
Shields        | 4 |  4.0
Stealth        | |  0.3

Action                   |  1- 3 |  4- 6 || total
-------------------------+-------+-------++-------
Melee: Long sword        |    63 |   134 ||   197
Evoke: Wand              |       |     1 ||     1
  Use: Scroll            |       |     5 ||     5
       Potion            |       |     1 ||     1
  Eat: Chunk             |       |     2 ||     2
Armor: Scale mail        |    10 |       ||    10
       Chain mail        |    13 |    95 ||   108
Dodge: Dodged            |    19 |    42 ||    61
Block: Shield            |    31 |    75 ||   106
       Rpst.: Long sword |     7 |    19 ||    26
